 Dungeon Crawl Stone Soup version 0.16.2-2-g470672f (webtiles) character file.

97 dvd the Conjurer (level 4, -2/24 HPs)
             Began as a Deep Elf Conjurer on Aug 30, 2015.
             Slain by a kobold
             ... wielding a +0 club
              (5 damage)
             ... on level 3 of the Dungeon.
             The game lasted 00:18:18 (3092 turns).

dvd the Conjurer (Deep Elf Conjurer)                Turns: 3092, Time: 00:18:18

Health: -2/24      AC:  3    Str:  5    XL:     4   Next: 42%
Magic:  12/14      EV: 13    Int: 21    God:
Gold:   152        SH:  0    Dex: 15    Spells: 3 memorised, 4 levels left

rFire  . . .     SeeInvis .     (no weapon)
rCold  . . .     Clarity  .     a - +0 robe
rNeg   . . .     SustAb   .     (no shield)
rPois  .         Gourm    .     (no helmet)
rElec  .         Spirit   .     e - +0 cloak
rCorr  .         Warding  .     (no gloves)
rMut   .         Stasis   .     (no boots)
MR     .....                    (no amulet)
Stlth  ++........               (no ring)
                                (no ring)

@: not resistant to hostile enchantments, unstealthy
A: no striking features
a: no special abilities


You were on level 3 of the Dungeon.
You were not hungry.

You visited 1 branch of the dungeon, and saw 3 of its levels.

You collected 152 gold pieces.

Inventory:

Armour
 a - a +0 robe (worn)
 e - a +0 cloak (worn)
Scrolls
 d - 8 scrolls of identify {unknown}
 h - a scroll of blinking {unknown}
 j - a scroll of immolation {unknown}
 k - a scroll of teleportation
Potions
 f - a potion of ambrosia {unknown}
 g - 3 potions of invisibility {unknown}
Books
 c - a book of Conjurations

   Spells                             Type                      Level
   a - Magic Dart                     Conjuration                  1
   b - Searing Ray                    Conjuration                  2
   c - Dazzling Spray                 Conjuration/Hexes            3
   d - Fulminant Prism                Conjuration/Hexes            4
   e - Iskenderun's Mystic Blast      Conjuration                  4
   f - Iskenderun's Battlesphere      Conjuration/Charms           5
Comestibles
 b - 3 bread rations
 i - a beef jerky


   Skills:
 + Level 0.1 Fighting
 + Level 3.2 Dodging
 + Level 2.9 Stealth
 + Level 3.8 Spellcasting
 + Level 5.5 Conjurations


You had 4 spell levels left.
You knew the following spells:

 Your Spells              Type           Power        Failure   Level  Hunger
a - Magic Dart            Conj           ####         1%          1    None
b - Searing Ray           Conj           ####..       1%          2    #......
c - Dazzling Spray        Conj/Hex       ###.....     14%         3    ###....


Dungeon Overview and Level Annotations

Branches:
Dungeon (3/15)

Altars:

Annotations:
D:3 dvd's ghost, average DECj


Message History

The orb of energy hits you!
Ouch! That really hurt!
* * * LOW HITPOINT WARNING * * *
Read which item? (? for menu, Esc to quit)
As you read the scroll labeled THROVY MEARIT, it crumbles to dust.
You feel strangely unstable.
It was a scroll of teleportation.
Your surroundings suddenly seem different.
A kobold comes into view. It is wielding a club.
The kobold shouts!
The kobold hits you with a club.
* * * LOW HITPOINT WARNING * * *
Found two items.
A giant cockroach comes into view.
Casting: Searing Ray
Confirm with . or Enter, or press ? or * to list all spells.
Aiming: Searing Ray
Press: ? - help, Shift-Dir - straight line, f - kobold
Aim: a kobold, wielding a club The searing ray misses the kobold.
The kobold hits you with a club.
You die...

#.##########
##?.........###
#.!....@K..s..#
#.#########.#.#


You could see a giant cockroach and a kobold.

Vanquished Creatures
  2 adders (D:2)
  A giant gecko (D:1)
  An ooze (D:2)
  8 orcs (D:3)
  A ball python (D:2)
  2 giant cockroaches
  11 goblins
  10 hobgoblins
  2 jackals (D:2)
  6 kobolds
  A quokka (D:2)
  8 bats
  5 giant newts
  5 rats
63 creatures vanquished.

Notes
Turn   | Place    | Note
--------------------------------------------------------------
     0 | D:1      | dvd, the Deep Elf Conjurer, began the quest for the Orb.
     0 | D:1      | Reached XP level 1. HP: 10/10 MP: 5/5
   316 | D:1      | Reached XP level 2. HP: 15/15 MP: 4/8
   355 | D:1      | Learned a level 2 spell: Searing Ray
  1429 | D:2      | Reached XP level 3. HP: 19/19 MP: 5/11
  1480 | D:2      | Learned a level 3 spell: Dazzling Spray
  1644 | D:2      | Reached skill level 5 in Conjurations
  2569 | D:2      | Reached XP level 4. HP: 24/24 MP: 11/14
  3074 | D:3      | Noticed dvd's ghost (average DECj)
  3092 | D:3      | Slain by a kobold

Action                   |  1- 3 |  4- 6 || total
-------------------------+-------+-------++-------
Melee: Unarmed           |     3 |       ||     3
 Cast: Magic Dart        |    60 |     7 ||    67
       Searing Ray       |    11 |     6 ||    17
       Dazzling Spray    |     3 |     1 ||     4
  Use: Scroll            |       |     1 ||     1
 Stab: Sleeping          |     1 |       ||     1
  Eat: Chunk             |     5 |     2 ||     7
